 Dungeon Crawl Stone Soup version 0.18-a0-1718-g40ea4b6 (webtiles) character file.

1736 Duffy the Cutter (level 8, 0/78 HPs)
             Began as a Deep Elf Berserker on Apr 8, 2016.
             Was an Elder of Trog.
             Slain by a howler monkey (3 damage)
             ... on level 6 of the Dungeon.
             The game lasted 00:09:34 (8774 turns).

Duffy the Cutter (Deep Elf Berserker)               Turns: 8774, Time: 00:09:34

Health: 0/78       AC:  0    Str: 25    XL:     8   Next: 76%
Magic:  10/10      EV:  9    Int: 13    God:    Trog [****..]
Gold:   44         SH:  5    Dex: 15    Spells: 0 memorised, 7 levels left

rFire  . . .     SeeInvis .     r - +1 dagger (protect)
rCold  . . .     Gourm    .     O - +0 chain mail
rNeg   . . .     Faith    .     t - +0 buckler
rPois  .         Spirit   .     i - +0 helmet
rElec  .         Dismiss  .     z - +0 cloak
rCorr  .         Reflect  .     m - +0 pair of gloves
SustAt .         Harm     +     (no boots)
MR     +....                    l - amulet of harm
Stlth  ..........               C - ring of protection from magic
                                y - +5 ring of strength

@: berserking (expiring), corroded, very quick, somewhat resistant to hostile
enchantments, extremely unstealthy
A: no striking features
a: Berserk, Trog's Hand, Brothers in Arms, Burn Spellbooks, Renounce Religion


You were on level 6 of the Dungeon.
You worshipped Trog.
Trog was greatly pleased with you.
You were not hungry.

You visited 1 branch of the dungeon, and saw 6 of its levels.

You collected 239 gold pieces.
You spent 195 gold pieces at shops.


   Skills:
 + Level 6.5 Fighting
 + Level 7.7 Short Blades
 - Level 1.5 Armour
 - Level 2.4 Dodging
 - Level 4.0 Shields


You had 7 spell levels left.
You didn't know any spells.

Inventory:

Hand Weapons
 a - a +0 short sword
 r - a +1 dagger of protection (weapon)
Missiles
 o - 87 poisoned needles
 D - a throwing net (quivered)
 G - 2 needles of sleeping
 L - 5 tomahawks
Armour
 b - a +0 animal skin
 i - a +0 helmet (worn)
 j - a +0 ring mail
 m - a +0 pair of gloves (worn)
 t - a +0 buckler (worn)
 z - a +0 cloak (worn)
 A - a +0 scale mail
 H - a +2 shield
 O - a +0 chain mail (worn)
Jewellery
 g - a +4 amulet of reflection
 h - an uncursed ring of sustain attributes
 l - an amulet of harm (around neck)
 p - an uncursed ring of fire
 s - an uncursed ring of protection from cold
 y - a +5 ring of strength (left hand)
 C - a ring of protection from magic (right hand)
Wands
 F - a wand of digging (6/24)
Scrolls
 e - a scroll of recharging {unknown}
 f - 5 scrolls of identify
 u - 2 scrolls of magic mapping
 v - 4 scrolls of teleportation
 x - 2 scrolls of remove curse {unknown}
 E - a scroll of immolation {unknown}
 I - a scroll of noise {unknown}
 M - a scroll of fog
Potions
 d - 2 potions of ambrosia
 k - 2 potions of curing
 q - 2 potions of brilliance
 w - a potion of resistance
 B - 2 potions of lignification
 J - a potion of haste
 N - a potion of might
Comestibles
 c - 3 bread rations
 n - a beef jerky
 K - a slice of pizza

Dungeon Overview and Level Annotations

Branches:
Dungeon (6/15)
 Temple: D:4-7

Altars:
Elyvilon
Fedhas
Makhleb
Nemelex Xobeh
Pakellas
Sif Muna
Trog
Xom
Yredelemnul

Shops:
D:4 (   D:6 ?


Message History

You hit the jelly.
Your hands burn!
The jelly is almost dead.
You puncture the jelly!
You feel the power of Trog in you as your rage grows.
You kill the jelly!
Trog accepts your kill.
You barely miss the howler monkey.
You hit the howler monkey but do no damage.
You block the howler monkey's attack. The howler monkey barely misses you.
You hit the howler monkey.
The howler monkey is lightly wounded.
Your chain mail prevents you from hitting the howler monkey.
The howler monkey is lightly wounded.
You barely miss the howler monkey.
The howler monkey is lightly wounded.
The howler monkey barely misses you. The howler monkey bites you.
You hit the howler monkey but do no damage.
The howler monkey is lightly wounded.
You hit the howler monkey.
The howler monkey is heavily wounded.
The howler monkey hits you. The howler monkey bites you.
You hit the howler monkey.
The howler monkey is severely wounded.
The howler monkey hits you. The howler monkey barely misses you.
Your chain mail prevents you from hitting the howler monkey.
The howler monkey is severely wounded.
You closely miss the howler monkey.
The howler monkey is severely wounded.
The howler monkey hits you. The howler monkey bites you.
You hit the howler monkey but do no damage.
The howler monkey is severely wounded.
You hit the howler monkey.
The howler monkey is severely wounded.
The howler monkey hits you.
You die...

## ... .... .....
#########
......############.......#
..........................
.....>.........(..........
......###h#...####.......#
#####. #@#...# #.......# #
#...#...# #.......#
#.####### ######### #. #


You could see a howler monkey.

Action                   |  1- 3 |  4- 6 |  7- 9 || total
-------------------------+-------+-------+-------++-------
Melee: Short sword       |   170 |       |       ||   170
       Dagger            |    29 |   365 |   443 ||   837
Invok: Berserk           |     2 |     7 |    15 ||    24
  Use: Scroll            |       |       |     5 ||     5
       Potion            |       |       |     1 ||     1
  Eat: Chunk             |     3 |    14 |    26 ||    43
       Meat ration       |     1 |       |       ||     1
       Beef jerky        |       |     1 |       ||     1

Notes
Turn   | Place    | Note
--------------------------------------------------------------
     0 | D:1      | Duffy the Deep Elf Berserker began the quest for the Orb.
     0 | D:1      | Reached XP level 1. HP: 13/13 MP: 3/3
   233 | D:1      | Reached XP level 2. HP: 6/18 MP: 4/4
  1051 | D:1      | Reached skill level 3 in Fighting
  1297 | D:2      | Reached XP level 3. HP: 20/23 MP: 5/5
  1317 | D:2      | Reached ** piety under Trog
  1456 | D:2      | Found a burning altar of Makhleb.
  2248 | D:2      | Reached skill level 4 in Short Blades
  2462 | D:2      | Reached XP level 4. HP: 18/28 MP: 6/6
  3590 | D:3      | Reached *** piety under Trog
  3694 | D:3      | Found an oddly glowing altar of Pakellas.
  3705 | D:3      | Reached skill level 1 in Shields
  4255 | D:4      | Noticed an ogre
  4262 | D:4      | Killed an ogre
  4262 | D:4      | Reached skill level 2 in Shields
  4262 | D:4      | Reached XP level 5. HP: 33/33 MP: 7/7
  4441 | D:4      | Reached skill level 3 in Shields
  4441 | D:4      | Reached XP level 6. HP: 28/38 MP: 8/8
  4897 | D:4      | Reached skill level 4 in Shields
  5228 | D:4      | Reached skill level 4 in Fighting
  5235 | D:4      | Found Puodghyn's Antique Weapon Boutique.
  5510 | D:4      | Reached XP level 7. HP: 25/43 MP: 9/9
  5760 | D:5      | Entered Level 5 of the Dungeon
  5866 | D:5      | Found a sparkling altar of Nemelex Xobeh.
  5897 | D:5      | Reached skill level 5 in Short Blades
  5899 | D:5      | Reached **** piety under Trog
  6809 | D:5      | Found a basalt altar of Yredelemnul.
  6814 | D:5      | Found a shimmering altar of Xom.
  6817 | D:5      | Found a deep blue altar of Sif Muna.
  6820 | D:5      | Found a white marble altar of Elyvilon.
  7025 | D:5      | Noticed Dowan
  7026 | D:5      | Noticed Duvessa
  7159 | D:4      | Killed Duvessa
  7165 | D:4      | Killed Dowan
  7165 | D:4      | Reached skill level 5 in Fighting
  7271 | D:5      | Found a bloodstained altar of Trog.
  7308 | D:5      | Reached skill level 6 in Short Blades
  7522 | D:6      | Found Hetiod's Magic Scroll Shoppe.
  7595 | D:6      | Bought a scroll of identify for 20 gold pieces
  7595 | D:6      | Bought a scroll of identify for 20 gold pieces
  7595 | D:6      | Bought a scroll of identify for 20 gold pieces
  7595 | D:6      | Bought a scroll of identify for 20 gold pieces
  7595 | D:6      | Bought a scroll of magic mapping for 35 gold pieces
  7595 | D:6      | Bought a scroll of teleportation for 30 gold pieces
  7595 | D:6      | Bought a scroll of fog for 20 gold pieces
  7595 | D:6      | Bought a scroll of teleportation for 30 gold pieces
  7617 | D:6      | Found a blossoming altar of Fedhas.
  7736 | D:5      | Reached XP level 8. HP: 49/49 MP: 10/10
  8160 | D:6      | Reached skill level 6 in Fighting
  8160 | D:6      | Reached skill level 7 in Short Blades
  8774 | D:6      | Slain by a howler monkey

Vault maps used:
D:1:      matt_arrival_grand_opening
D:2:      bloody_makhleb
D:3:      marbit_many_paths
D:4:      serial_shops, shop
D:5:      overflow_temple_1_default, grunt_temple_overflow_cloverleaf,
          nemelex_xobeh_ov_fountains_minmay, first_bread, serial_glass,
          glass_columns_b, glass_columns_a, kennysheep_generic_room_5,
          uniq_duvessa
D:6:      fedhas_altar_decomposition, serial_shops, shop_fountains

Vanquished Creatures
  Duvessa
  A water moccasin
  An orc warrior
  2 ogres
  3 necrophages
  A wyvern zombie
  A giant frog Dowan
  A scorpion
  A howler monkey
  A centaur zombie
  2 crimson imps
  2 orc priests
  2 jellies
  2 hounds
  2 orc wizards
  An iguana
  3 worker ants
  A hound skeleton
  5 gnolls
  A howler monkey zombie
  5 adders
  2 oozes
  2 adder skeletons
  An adder zombie
  4 worms
  3 dart slugs
  6 giant geckos
  24 orcs
  4 giant cockroaches
  11 goblins
  12 hobgoblins
  15 jackals
  8 kobolds
  3 quokkas
  A ball python
  7 bats
  4 giant newts
  A quokka skeleton
  A quokka zombie
  7 rats
  A bush
  6 plants
163 creatures vanquished.
